 Dungeon Crawl Stone Soup version 0.30.0 (webtiles) character file.

Game seed: 7257879013893286837

4363 workbot the Markshuman (level 10, -23/66 (67) HPs)
             Began as a Human Hunter on May 6, 2023.
             Was an Elder of Dithmenos.
             Killed by an exploding wraith (26 damage)
             ... ignited by their inner flame
             ... on level 9 of the Dungeon.
             The game lasted 00:22:31 (7139 turns).

workbot the Markshuman (Human Hunter)               Turns: 7139, Time: 00:22:32

HP:   -23/66 (67)   AC: 20    Str: 16    XL:     10   Next: 60%
MP:   10/10         EV:  5    Int:  8    God:    Dithmenos [****..]
Gold: 547           SH:  9    Dex: 20    Spells: 9/9 levels left

rFire   . . .        s - +0 arbalest
rCold   . . .        (shield currently unavailable)
rNeg    . . .        t - +0 plate armour
rPois   .            f - +1 helmet
rElec   .            l - +2 cloak
rCorr   .            g - +0 pair of gloves
SInv    +            (no boots)
Will    .....        q - amulet of reflection Stlth
                     o - +4 ring of protection
HPRegen 0.31/turn    c - ring of wizardry
MPRegen 0.12/turn

%: random rage (3%), reflection, wizardry (x1)
@: wreathed by umbra, lightly drained
A: large bone plates 1, see invisible, berserk 1, strong 1
a: Renounce Religion, Shadow Step


You were on level 9 of the Dungeon.
You worshipped Dithmenos.
Dithmenos was greatly pleased with you.
You visited 1 branch of the dungeon, and saw 9 of its levels.
You also visited: Bailey.

You collected 547 gold pieces.

Inventory:

Hand Weapons
 s - a +0 arbalest (weapon)
Armour
 f - a +1 helmet (worn)
 g - a +0 pair of gloves (worn)
 l - a +2 cloak (worn)
 t - a +0 plate armour (worn)
Jewellery
 c - a ring of wizardry (right hand)
 o - a +4 ring of protection (left hand)
 q - an amulet of reflection (around neck)
Wands
 a - a wand of iceblast (3)
 u - a wand of digging (4)
Scrolls
 b - a scroll of immolation
 d - a scroll of magic mapping
 j - 3 scrolls of identify
Potions
 e - a potion of magic
 h - a potion of ambrosia
 i - 2 potions of lignification
 p - a potion of cancellation
 r - a potion of brilliance


   Skills:
 - Level 2.0 Fighting
 * Level 15.0 Ranged Weapons
 - Level 2.0 Dodging
 - Level 1.0 Stealth


You had 9 spell levels left.
You didn't know any spells.
Your spell library contained the following spells:

 Spells                   Type           Power      Damage    Failure   Level
 Blink                    Tloc           0%         N/A       100%        2
 Scorch                   Fire           0%         2d5       100%        2
 Summon Guardian Golem    Hex/Summ       0%         N/A       100%        3
 Flame Wave               Conj/Fire      0%         2d4       100%        4
 Manifold Assault         Tloc           0%         N/A       100%        4
 Summon Lightning Spire   Summ/Air       0%         N/A       100%        4
 Summon Cactus Giant      Summ           0%         N/A       100%        6
 Orb of Destruction       Conj           0%         9d5       100%        7
 Spellforged Servitor     Conj/Summ      0%         N/A       100%        7
 Storm Form               Tmut/Air       0%         N/A       100%        7
 Maxwell's Capacitive Co  Air            0%         ∞         100%        8


Dungeon Overview and Level Annotations

Branches:
Dungeon (9/15)             Temple (0/1) D:4          Bailey (visited)
   Lair: D:8-11         Orc: D:9-12

Altars:
Dithmenos
Fedhas
Gozag
Hepliaklqana
Makhleb
Nemelex Xobeh
Qazlal
Sif Muna
Wu Jian
Xom
Zin
The Shining One

Shops:
D:3 *   D:4 [


Innate Abilities, Weirdness & Mutations

You are partially covered in large bone plates. (SH +4)
You have supernaturally acute eyesight. (SInv)
You sometimes lose your temper in combat.
Your muscles are strong. (Str +4, Int/Dex -1)


Message History

The wraith hits you.
The orc warrior hits you but does no damage.
The wight hits you but does no damage.
Cornered, the orc turns to fight!
A wight comes into view. It is wielding a +0 hand axe.
You shoot a bolt. The bolt barely misses the wight.
Your shadow shoots a bolt.
The bolt closely misses the wight.
You block the wraith's attack. The wight barely misses you.
The orc wizard gestures wildly while chanting.
The orc wizard flickers and vanishes for a moment.
The orc warrior hits you with a +2 war axe of electrocution.
You block the wraith's attack.
The orc warrior hits you but does no damage.
You shoot a bolt. The bolt barely misses the wraith.
The bolt hits the orc wizard.
Flame seeps out of the orc wizard.
The orc wizard is moderately wounded.
You block the wraith's attack. The wight hits you with a +0 battleaxe.
The wight hits you with a +3 dire flail of freezing!
* * * LOW HITPOINT WARNING * * *
You feel drained.
* * * LOW HITPOINT WARNING * * *
The wight freezes you.
* * * LOW HITPOINT WARNING * * *
The orc wizard is engulfed in blazing flames.
Dithmenos accepts your kill.
The orc wizard explodes!
The fiery explosion engulfs the wight!!!
Dithmenos accepts your kill.
The fiery explosion engulfs the wraith!!!
Dithmenos accepts your kill.
The fiery explosion engulfs the wraith!!
Flame seeps out of the wraith.
The wraith is severely damaged.
The wraith explodes!
The fiery explosion engulfs the wraith!!!
Dithmenos accepts your kill.
The wraith explodes!
The fiery explosion engulfs the wight!!!
Dithmenos accepts your kill. The fiery explosion engulfs you!!
You die...

.. #.# .. #.#
.######.# ..#....#
#o#.####
#.###o#)#####
#...o.§○§.o.#
##########o#§###.#
........ooz§@#
###....o#ooz.o..#
####...<.#########
.........#
..#####.## #.# #.#
#.# .[.


You could see 3 orc warriors, 2 wights, 2 orc priests, an orc wizard (inner
flame, invisible) and 4 orcs.

Vanquished Creatures
  A centaur warrior (D:8)
  A troll (D:8)
  Grinder (D:4)
  A hornet (D:8)
  2 wraiths (D:9)
  A yak (D:8)
  A steam dragon (D:8)
  An acid dragon (D:8)
  6 water moccasins
  2 sky beasts
  2 orc warriors (D:8)
  2 ice beasts
  2 ogres
  3 centaurs
  5 bullfrogs
  5 wights
  2 jellies (D:6)
  3 orc priests
  5 hounds
  2 iguanas
  2 sleepcaps
  5 orc wizards
  3 gnolls (D:6)
  8 adders
  2 white imps
  3 ufetubi
  A worm (D:3)
  2 dart slugs
  13 orcs
  3 ball pythons (D:2)
  10 endoplasms
  6 giant cockroaches
  5 goblins
  9 hobgoblins
  9 jackals
  4 quokkas
  7 bats
  A frilled lizard (D:2)
  11 kobolds
  7 rats
159 creatures vanquished.

Notes
Turn   | Place    | Note
-------+----------+-------------------------------------------
     0 | D:1      | workbot the Human Hunter began the quest for the Orb.
     0 | D:1      | Reached XP level 1. HP: 16/16 MP: 1/1
    73 | D:1      | Found a faded altar of an unknown god.
   121 | D:1      | Prayed at the altar of an unknown god.
   121 | D:1      | Became a worshipper of Dithmenos the Shadowed
   121 | D:1      | Reached * piety under Dithmenos
   140 | D:1      | Reached XP level 2. HP: 22/22 MP: 2/2
   449 | D:1      | Reached XP level 3. HP: 27/27 MP: 3/3
   698 | D:2      | Reached ** piety under Dithmenos
   699 | D:2      | Reached skill level 5 in Ranged Weapons
   838 | D:2      | Reached XP level 4. HP: 31/33 MP: 4/4
  1234 | D:2      | Gained mutation: Your muscles are strong. (Str +4, Int/Dex
                  | -1) [potion of mutation]
  1234 | D:2      | Gained mutation: You sometimes lose your temper in combat.
                  | [potion of mutation]
  1234 | D:2      | Gained mutation: You have supernaturally acute eyesight.
                  | (SInv) [potion of mutation]
  1234 | D:2      | Gained mutation: You are partially covered in large bone
                  | plates. (SH +4) [potion of mutation]
  1457 | D:3      | Found a shadowy altar of Dithmenos.
  1528 | D:3      | Found Zin's Purification Station.
  1529 | D:3      | Found a glowing silver altar of Zin.
  1703 | D:3      | Reached skill level 6 in Ranged Weapons
  1703 | D:3      | Reached XP level 5. HP: 29/38 MP: 5/5
  1909 | D:4      | Noticed Grinder
  1915 | D:4      | Paralysed by Grinder for 2 turns
  2025 | D:4      | Paralysed by Grinder for 3 turns
  2031 | D:4      | Paralysed by Grinder for 3 turns
  2039 | D:4      | Killed Grinder
  2040 | D:4      | Reached skill level 7 in Ranged Weapons
  2040 | D:4      | Reached XP level 6. HP: 13/44 MP: 6/6
  2040 | D:4      | Reached XP level 7. HP: 15/50 MP: 7/7
  2209 | D:4      | Found an ornate altar of the Wu Jian Council.
  2217 | D:4      | Found a staircase to the Ecumenical Temple.
  2256 | D:4      | Found a shimmering altar of Xom.
  2270 | D:4      | Reached *** piety under Dithmenos
  2377 | D:4      | Reached skill level 8 in Ranged Weapons
  2493 | D:4      | Found Xikewud's Armour Emporium.
  2602 | D:4      | Found a stormy altar of Qazlal.
  2602 | D:4      | Found a glowing golden altar of the Shining One.
  2613 | D:4      | Found a blossoming altar of Fedhas.
  2615 | D:4      | Found a faded altar of an unknown god.
  2617 | D:4      | Found a hazy altar of Hepliaklqana.
  2913 | D:4      | Found a shimmering blue altar of Sif Muna.
  2943 | D:5      | Entered Level 5 of the Dungeon
  2987 | D:5      | You fall into a shaft and drop 1 floor!
  2997 | D:6      | Noticed a water moccasin
  2998 | D:6      | Noticed a water moccasin
  3203 | D:4      | Killed a water moccasin
  3258 | D:5      | Noticed a water moccasin
  3291 | D:5      | Killed a water moccasin
  3292 | D:5      | Reached skill level 9 in Ranged Weapons
  3292 | D:5      | Reached XP level 8. HP: 39/56 MP: 8/8
  3356 | D:5      | Found a sparkling altar of Nemelex Xobeh.
  4072 | D:5      | Reached skill level 10 in Ranged Weapons
  4373 | D:6      | Found a burning altar of Makhleb.
  4428 | D:6      | Reached skill level 11 in Ranged Weapons
  4453 | D:6      | Found an opulent altar of Gozag.
  4534 | D:6      | Reached XP level 9. HP: 61/61 MP: 9/9
  4939 | D:7      | Reached skill level 12 in Ranged Weapons
  5128 | D:7      | Reached **** piety under Dithmenos
  5574 | D:8      | Found a flagged portal.
  5579 | Bailey   | Entered a bailey
  5946 | D:8      | Reached skill level 13 in Ranged Weapons
  6169 | D:8      | Reached XP level 10. HP: 61/67 MP: 10/10
  6262 | D:8      | Reached skill level 14 in Ranged Weapons
  6381 | D:8      | Noticed a centaur warrior
  6446 | D:8      | Killed a centaur warrior
  6522 | D:8      | Reached skill level 15 in Ranged Weapons
  7139 | D:9      | HP: 3/66 [wight/+3 dire flail of freezing (5)]
  7139 | D:9      | Killed by an exploding wraith... ignited by their inner
                  | flame

Illustrated notes

Levels and vault maps discovered:
D:1:      noname_arrival_rooms_in_the_neighbourhood, layout_basic,
          ebering_ecumenical_altar_petrified, minmay_tetromino_o2
D:2:      layout_rooms
D:3:      wander_river, layout_basic, grunt_dithmenos_smoke, zin_purify
D:4:      layout_basic, chequers_temple_overflow_minitemple, tgw_sif,
          mainiacjoe_overflow_chevrons, lemuel_tele_altar, temple_green,
          serial_shops, shop, uniq_grinder
D:5:      layout_basic, amcnicky_altar_gilded, hangedman_decor_lopped
D:6:      layout_cave_pools, marbit_many_paths, grunt_gozag_statues
D:7:      layout_cave_pools, palyth_stone_intersect,
          hangedman_abyss_or_decor_stagger
D:8:      kennysheep_blocky_room, layout_basic, enter_bailey_1,
          wad_floor_pattern_1, minmay_diced_spiral
D:9:      layout_basic, david_lair_shrubbed

Skill      XL: |  1  2  3  4  5  6  7  8  9 10 |
---------------+-------------------------------+-----
Ranged Weapons | 5 6 7 9 11 13 15 | 15.0
Fighting       | |  2.0
Dodging        | |  2.0
Stealth        | |  1.0

Action                     |  1- 3 |  4- 6 |  7- 9 | 10-12 || total
---------------------------+-------+-------+-------+-------++-------
  Melee: Arbalest          |       |       |       |     2 ||     2
   Fire: Shortbow          |    84 |   142 |   345 |       ||   571
         Arbalest          |       |       |    11 |    48 ||    59
  Evoke: Wand              |       |       |       |     9 ||     9
    Use: Scroll            |     5 |     9 |     7 |     4 ||    25
         Potion            |       |     1 |     4 |     4 ||     9
 Armour: Chain mail        |    62 |    88 |   188 |       ||   338
         Plate armour      |       |       |     8 |    35 ||    43
  Dodge: Dodged            |    39 |    51 |   126 |    13 ||   229
  Block: Other             |       |    13 |    79 |    34 ||   126
         Reflection        |       |       |     6 |     5 ||    11
